 Dungeon Crawl Stone Soup version 0.19.3-1-g3169bf9 (console) character file.

151384 Grinner the Shatterer (level 17, 0/192 HPs)
             Began as an Ogre Monk on Jan 27, 2017.
             Was the Champion of Okawaru.
             Succumbed to a merfolk javelineer's poison
             ... on level 4 of the Shoals.
             The game lasted 02:06:36 (31158 turns).

Grinner the Shatterer (Ogre Monk)                  Turns: 31158, Time: 02:06:37

Health: 0/192      AC: 17    Str: 25    XL:     17   Next: 55%
Magic:  20/20      EV: 25    Int:  8    God:    Okawaru [******]
Gold:   2117       SH:  0    Dex: 19    Spells: 3 memorised, 18 levels left

rFire  + + +     SeeInvis .     a - +5 giant spiked club (flame)
rCold  + . .     Gourm    .     C - +3 fire dragon scales
rNeg   . . .     Faith    .     (shield currently unavailable)
rPois  .         Spirit   .     b - +2 hat {Int+3}
rElec  +         Reflect  .     J - +0 cloak
rCorr  +         Harm     .     (gloves unavailable)
MR     +....     Clarity  +     (boots unavailable)
Stlth  ++........               (no amulet)
                                n - ring "Vygeusa" {rCorr rElec rF+++ Int-4 Stlth-}
                                U - ring "Sokhoyzxem" {Ice +Blink +Inv rElec Dex+2}

@: agile, lethally poisoned (0 -> -14), about to teleport, heroism, very
slightly contaminated, hasted, very quick
A: unfitting armour, claws 1, clarity, cold resistance 1, low mp 1, tough skin 1
a: Heroism, Finesse, Renounce Religion, Evoke Blink, Evoke Invisibility


You were on level 4 of the Shoals.
You worshipped Okawaru.
Okawaru was exalted by your worship.
You were not hungry.

You visited 6 branches of the dungeon, and saw 29 of its levels.
You also visited: Ice Cave.

You collected 2956 gold pieces.
You spent 839 gold pieces at shops.

Inventory:

Hand Weapons
 a - a +5 giant spiked club of flaming (weapon)
 Z - the +4 giant spiked club of True Grit {freeze, -Tele Int+5 Dex+3}
   (Okawaru gifted it to you on level 5 of the Lair of Beasts)

   It has been specially enchanted to freeze those struck by it, causing extra
   injury to most foes and up to half again as much damage against particularly
   susceptible opponents.
   It can also slow down cold-blooded creatures.
   It affects your intelligence (+5).
   It affects your dexterity (+3).
   It prevents most forms of teleportation.
Missiles
 h - 49 large rocks (quivered)
 t - 3 javelins of penetration
Armour
 b - a +2 hat of intelligence (worn)
 C - +3 fire dragon scales (worn)
 J - a +0 cloak (worn)
Rods
 L - a +5 iron rod (15/15)
   (You took it off a boggart on level 15 of the Dungeon)
Jewellery
 f - a +4 ring of slaying
 n - the ring "Vygeusa" (right claw) {rCorr rElec rF+++ Int-4 Stlth-}
   (You took it off a boggart on level 15 of the Dungeon)

   [ring of resist corrosion]

   It affects your intelligence (-4).
   It renders you almost immune to fire.
   It insulates you from electricity.
   It makes you less stealthy.
 u - a +5 ring of protection
 F - a +5 ring of strength
 G - a cursed -6 ring of protection
 I - the ring "Xeusop" {rElec rN+ Int-2 SInv}
   (You took it off a centaur warrior on level 15 of the Dungeon)

   [ring of positive energy]

   It affects your intelligence (-2).
   It insulates you from electricity.
   It protects you from negative energy.
   It lets you see invisible.
 U - the ring "Sokhoyzxem" (left claw) {Ice +Blink +Inv rElec Dex+2}
   (You found it in an ice cave)

   [ring of ice]

   It enhances your ice magic.
   It affects your dexterity (+2).
   It makes you vulnerable to fire.
   It protects you from cold.
   It insulates you from electricity.
   It lets you turn invisible.
   It lets you blink.
 X - the ring "Seyg" {+Fly rElec MR- Int+6}
   (You found it on level 15 of the Dungeon)

   [ring of flight]

   It affects your intelligence (+6).
   It insulates you from electricity.
   It affects your resistance to hostile enchantments.
   It lets you fly.
Wands
 D - a wand of iceblast (8/15)
 O - a wand of lightning (8/15)
 R - a wand of enslavement (7/24)
 S - a wand of lightning (1/15)
Scrolls
 e - a scroll of teleportation
 m - 5 scrolls of magic mapping
 p - 15 scrolls of remove curse
 r - a scroll of brand weapon
 v - 2 scrolls of amnesia
 x - a scroll of recharging
 y - 4 scrolls of immolation
 Y - 3 scrolls of identify
Potions
 d - 6 potions of resistance
 j - a potion of ambrosia
 o - 3 potions of cure mutation
 s - 3 potions of flight
 w - a potion of invisibility
 z - 2 potions of might
 B - a potion of haste
 H - 3 potions of lignification
 P - a potion of agility
 Q - 3 potions of brilliance
Books
 M - a book of the Tempests

   Spells                             Type                      Level
   a - Static Discharge               Conjuration/Air              3
   b - Lightning Bolt                 Conjuration/Air              5
   c - Fireball                       Conjuration/Fire             5
   d - Tornado                        Air                          9
   e - Shatter                        Earth                        9
 V - a book of Flames

   Spells                             Type                      Level
   a - Flame Tongue                   Conjuration/Fire             1
   b - Throw Flame                    Conjuration/Fire             2
   c - Conjure Flame                  Conjuration/Fire             3
   d - Inner Flame                    Hexes/Fire                   3
   e - Sticky Flame                   Conjuration/Fire             4
   f - Fireball                       Conjuration/Fire             5
Miscellaneous
 W - a disc of storms
Comestibles
 c - 16 bread rations
 g - 4 meat rations
 i - 7 beef jerkies
 E - 7 slices of pizza
 N - 5 fruits


   Skills:
 + Level 17.4(22.4) Fighting
 * Level 23.4(27) Maces & Flails
 - Level 8.2(13.2) Throwing
 + Level 1.0(6.0) Armour
 + Level 13.2(18.2) Dodging
 - Level 1.4(6.4) Stealth
 - Level 3.7 Spellcasting
 - Level 2.6 Charms
 - Level 2.2 Air Magic
 - Level 8.0 Invocations
 + Level 4.7 Evocations


You had 18 spell levels left.
You knew the following spells:

 Your Spells              Type           Power        Failure   Level  Hunger
b - Summon Butterflies    Summ           #.......     86%         1    #......
m - Repel Missiles        Chrm/Air       #.....       52%         2    ###....
s - Swiftness             Chrm/Air       #.......     52%         2    ###....


Dungeon Overview and Level Annotations

Branches:
Dungeon (15/15)            Temple (1/1) D:6            Lair (6/6) D:8
 Shoals (4/4) Lair:2        Snake (0/4) Lair:4        Slime (0/5) Lair:5
    Orc (2/2) D:12            Elf (0/3) Orc:2        Vaults (0/5) D:13
 Depths (1/5) D:15

Altars:
Ashenzari
Cheibriados
Dithmenos
Elyvilon
Fedhas
Gozag
Hepliaklqana
Kikubaaqudgha
Makhleb
Nemelex Xobeh
Okawaru
Qazlal
Ru
Sif Muna
Trog
Uskayaw
Vehumet
Xom
Yredelemnul
Zin
The Shining One

Shops:
D:7 ?   D:8 ??}:   D:15 ![?   Orc:2 [=*(

Annotations:
D:3 Grinner's ghost, amateur OgFi


Innate Abilities, Weirdness & Mutations

You are too large for most types of armour.
You have tough skin. (AC +1)
You have sharp fingernails.
You possess an exceptional clarity of mind.
Your flesh is cold resistant. (rC+)
Your magical capacity is low. (-10% MP)


Message History

The merfolk impaler shouts!
The merfolk javelineer barely misses you.
A merfolk javelineer comes into view. It is wielding a spear of venom.
The merfolk javelineer throws a poisoned javelin.
The poisoned javelin hits you but does no damage.
You are poisoned.
The merfolk impaler hits you from afar with a demon trident of freezing.
* * * LOW HITPOINT WARNING * * *
The merfolk impaler freezes you.
* * * LOW HITPOINT WARNING * * *
The merfolk impaler misses you.
The merfolk javelineer throws a poisoned javelin.
The poisoned javelin hits you!!
* * * LOW HITPOINT WARNING * * *
You are more poisoned.
You hear a splash.
You see here a poisoned javelin.
Okay, then.
You feel yourself speed up.
You die...

≈≈≈≈≈≈≈≈≈≈ ≈#
.. ≈≈≈≈≈m≈≈≈≈
≈≈ ..
≈≈≈≈≈≈≈≈≈##≈ ..
≈≈≈≈≈≈H≈≈≈≈###
..
≈≈≈≈≈≈≈≈≈≈≈≈≈#≈
..
≈≈≈≈≈≈≈≈§m≈≈≈≈≈
≈≈
≈≈≈≈≈§§m§§≈≈≈≈≈
≈≈
≈≈≈≈≈§§§≈≈≈≈≈≈≈
≈≈
≈≈≈≈≈§≈@§≈≈≈≈≈≈
≈.
≈≈≈≈≈§§§≈≈≈≈≈≈≈
#
≈≈≈###≈#≈≈≈≈≈≈≈
≈≈ #######≈≈≈≈≈
≈ # .≈ #. #m≈≈≈
#. .≈.. #≈.m..#
#. .#. ......
≈. ≈. .≈ ....#
≈≈≈ ##.#.#.##
....#


You could see 2 merfolk impalers and 2 merfolk javelineers.

Vanquished Creatures
  Gastronok (Lair:2)
  Kirke (D:15)
  2 frost giants
  2 orc warlords (Orc:2)
  A stone giant (Orc:2)
  The ghost of jiveturtle the Severer, a journeyman MiBe of Trog (D:12)
  A merfolk impaler (Shoals:1)
  Josephine (Lair:4)
  3 yaktaur captains (D:15)
  An ice dragon (Lair:6)
  A rakshasa (D:15)
  Fannar (D:10)
  16 hydras
  2 catoblepae
  4 vault guards (D:15)
  6 centaur warriors
  A merfolk aquamancer (Shoals:4)
  3 tengu warriors
  A deep troll earth mage (D:15)
  6 death yaks
  Urug (Lair:2)
  A deep troll shaman (D:15)
  3 orc high priests (Orc:2)
  A salamander mystic (D:15)
  A fire crab (Lair:6)
  5 skeletal warriors
  6 sea snakes
  2 wizards (D:13)
  2 lindwurms (Lair:6)
  6 hill giants
  Pikel (D:5)
  A flayed ghost (D:15)
  5 orc knights
  A phantasmal warrior (D:15)
  8 ugly things
  5 harpies
  2 deep elf magi
  7 orc sorcerers
  11 cyclopes
  12 fauns (Shoals:1)
  14 manticores
  Joseph (D:9)
  5 sirens
  3 centaur zombies
  Maurice (D:11)
  9 elephants (Lair:5)
  A naga mage (D:15)
  An ice statue (IceCv)
  4 water nymphs
  6 torpor snails (Lair:6)
  3 black mambas
  3 gargoyles
  Psyche (D:10)
  9 spiny frogs
  2 centaur skeletons
  A kobold demonologist (D:15)
  8 komodo dragons
  A freezing wraith (D:15)
  3 rime drakes
  2 efreet (D:15)
  A tengu conjurer (D:14)
  8 trolls
  3 tyrant leeches (Lair:6)
  20 polar bears
  A two-headed ogre (D:15)
  A meliai (D:15)
  A polar bear (shapeshifter) (D:13)
  10 hornets
  2 wind drakes
  8 merfolk
  A hornet (shapeshifter) (D:15)
  A slime creature (D:15)
  A hippogriff (shapeshifter) (D:15)
  12 dream sheep
  21 blink frogs
  6 hippogriffs
  Sigmund (D:6)
  A centaur simulacrum (D:15)
  4 snapping turtles
  47 yaks
  A vampire (D:14)
  2 water elementals (Shoals:1)
  3 wraiths (Lair:4)
  7 wyverns
  3 hogs (D:7)
  A human (D:7)
  2 steam dragons
  A golden eye (shapeshifter) (D:14)
  3 basilisks
  6 hungry ghosts
  A mottled dragon (D:13)
  3 wargs (Orc:2)
  Edmund (D:6)
  A soldier ant (D:14)
  A warg (shapeshifter) (D:14)
  4 nagas
  4 floating eyes (D:15)
  12 porcupines
  18 water moccasins
  4 sky beasts
  An eye of draining (shapeshifter) (D:15)
  30 orc warriors
  13 ice beasts
  2 black bears
  2 eyes of draining
  7 ogres
  5 phantoms
  30 wolves
  8 boggarts (D:15)
  19 centaurs
  4 big kobolds
  11 crocodiles
  14 bullfrogs
  2 gnoll sergeants (D:9)
  19 killer bees
  4 scorpions
  3 wights (D:8)
  2 electric eels (D:9)
  A vampire bat (Orc:1)
  4 crimson imps
  A bullfrog zombie (D:5)
  Crazy Yiuf (D:2)
  3 quasits
  3 jellies
  12 orc priests
  6 hounds
  A gnoll shaman (D:5)
  4 bullfrog skeletons
  15 iguanas
  11 orc wizards
  6 worker ants
  7 hell rats (Lair:4)
  6 ogre zombies (D:12)
  A bullfrog simulacrum (D:9)
  A hound skeleton (D:6)
  A howler monkey zombie (D:5)
  Robin (D:3)
  14 adders
  17 gnolls
  A howler monkey skeleton (D:10)
  3 river rats (D:8)
  5 shadow imps
  2 ufetubi (D:9)
  An ooze (D:4)
  2 adder skeletons (D:5)
  2 adder zombies
  3 dart slugs
  7 leopard geckos
  69 orcs
  2 ball pythons
  6 giant cockroaches
  8 goblins
  12 hobgoblins
  3 jackals (D:6)
  8 quokkas
  14 bats
  5 frilled lizards
  3 goblin zombies (D:12)
  3 hobgoblin skeletons (D:12)
  3 hobgoblin zombies (D:12)
  14 kobolds
  A leopard gecko skeleton (D:8)
  A leopard gecko zombie (D:5)
  3 orc skeletons (D:12)
  7 orc zombies (D:12)
  A quokka skeleton (D:4)
  A quokka zombie (D:6)
  3 rats
  A plant (Lair:6)
928 creatures vanquished.

Vanquished Creatures (others)
  A merfolk impaler (Shoals:4)
  An unseen horror (D:15)
  A cyclops (D:15)
  4 humans (D:15)
  A naga (D:15)
  A slave (D:5)
  3 wolves (IceCv)
  A leopard gecko (D:5)
  2 bushes (Shoals:1)
  22 fungi
  27 plants
64 creatures vanquished.

Grand Total: 992 creatures vanquished

Notes
Turn   | Place    | Note
-------+----------+-------------------------------------------
     0 | D:1      | Grinner the Ogre Monk began the quest for the Orb.
     0 | D:1      | Reached XP level 1. HP: 24/24 MP: 1/1
   399 | D:1      | Reached XP level 2. HP: 14/32 MP: 2/2
  1102 | D:2      | Found a shadowy altar of Dithmenos.
  1112 | D:2      | Reached XP level 3. HP: 40/40 MP: 3/3
  1306 | D:2      | Found a runed door.
  1310 | D:2      | Noticed Crazy Yiuf
  1320 | D:2      | Killed Crazy Yiuf
  1320 | D:2      | Reached skill level 5 in Maces & Flails
  1320 | D:2      | Reached XP level 4. HP: 34/49 MP: 4/4
  1400 | D:3      | Reached skill level 1 in Throwing
  1533 | D:3      | Noticed Robin
  1546 | D:3      | Killed Robin
  1575 | D:3      | Reached XP level 5. HP: 46/55 MP: 5/5
  1847 | D:3      | Noticed Grinner's ghost (amateur OgFi)
  2273 | D:4      | Reached skill level 5 in Fighting
  2533 | D:4      | Noticed a phantom
  2546 | D:4      | Killed a phantom
  2546 | D:4      | Reached skill level 6 in Maces & Flails
  2546 | D:4      | Reached XP level 6. HP: 40/66 MP: 6/6
  2929 | D:5      | Entered Level 5 of the Dungeon
  3046 | D:5      | Noticed a slave
  3048 | D:5      | Noticed a slave
  3049 | D:5      | Noticed Pikel
  3053 | D:5      | Noticed a slave
  3054 | D:5      | Noticed a slave
  3078 | D:5      | Gained mutation: You are dopey. (Int -2) [potion of mutation]
  3078 | D:5      | Gained mutation: Your muscles are strong. (Str +2) [potion of mutation]
  3078 | D:5      | Gained mutation: Your flesh is cold resistant. (rC+) [potion of mutation]
  3090 | D:5      | Killed Pikel
  3090 | D:5      | Reached skill level 7 in Maces & Flails
  3090 | D:5      | Reached XP level 7. HP: 21/76 MP: 7/7
  3557 | D:5      | Reached skill level 8 in Maces & Flails
  3585 | D:5      | Reached XP level 8. HP: 74/84 MP: 8/8
  3603 | D:5      | Reached skill level 5 in Dodging
  3861 | D:5      | Found a hazy altar of Hepliaklqana.
  4112 | D:6      | Reached skill level 9 in Maces & Flails
  4286 | D:6      | Found a glowing golden altar of the Shining One.
  4327 | D:6      | Noticed Edmund
  4346 | D:6      | Killed Edmund
  4640 | D:6      | Noticed Sigmund
  4645 | D:6      | Killed Sigmund
  4645 | D:6      | Reached skill level 10 in Maces & Flails
  4645 | D:6      | Reached XP level 9. HP: 89/93 MP: 9/9
  4708 | D:6      | Found a staircase to the Ecumenical Temple.
  4823 | Temple   | Entered the Ecumenical Temple
  4972 | Temple   | Became a worshipper of Warmaster Okawaru
  4972 | Temple   | Reached * piety under Okawaru
  4972 | Temple   | Reached ** piety under Okawaru
  5189 | D:7      | Reached skill level 5 in Throwing
  5298 | D:7      | Reached skill level 11 in Maces & Flails
  5621 | D:7      | Found Raxkaogg's Magic Scroll Shop.
  5623 | D:7      | Reached XP level 10. HP: 98/106 MP: 10/10
  5638 | D:7      | Reached *** piety under Okawaru
  5649 | D:7      | Bought a scroll of enchant armour for 105 gold pieces
  5649 | D:7      | Bought a scroll of teleportation for 42 gold pieces
  5814 | D:7      | Noticed a hill giant
  5821 | D:7      | Killed a hill giant
  5821 | D:7      | Reached skill level 12 in Maces & Flails
  5963 | D:7      | Received a gift from Okawaru
  6514 | D:8      | Found a staircase to the Lair.
  6592 | D:8      | Received a gift from Okawaru
  6795 | D:8      | Reached skill level 13 in Maces & Flails
  6874 | D:8      | Found Qyipaung's Gadget Shop.
  6877 | D:8      | Found Tucyiqam's Book Shop.
  6879 | D:8      | Found Ojouhi's Magic Scroll Shop.
  6883 | D:8      | Reached **** piety under Okawaru
  6885 | D:8      | Found Biurasenet's Magic Scroll Shop.
  7234 | D:8      | Reached skill level 10 in Fighting
  7399 | D:8      | Found a stormy altar of Qazlal.
  7552 | D:8      | Reached XP level 11. HP: 104/117 MP: 11/11
  7685 | D:9      | Found a sparkling altar of Nemelex Xobeh.
  7807 | Lair:1   | Entered Level 1 of the Lair of Beasts
  8020 | Lair:1   | Reached ***** piety under Okawaru
  8332 | Lair:1   | Noticed a four-headed hydra
  8335 | Lair:1   | Killed a four-headed hydra
  8335 | Lair:1   | Received a gift from Okawaru
  8335 | Lair:1   | Reached skill level 14 in Maces & Flails
  8415 | Lair:1   | Noticed a seven-headed hydra
  8420 | Lair:1   | Killed a seven-headed hydra
  8420 | Lair:1   | Received a gift from Okawaru
  8780 | Lair:2   | Noticed Gastronok
  8795 | Lair:2   | Killed Gastronok
  9044 | Lair:2   | Reached skill level 15 in Maces & Flails
  9130 | Lair:2   | Noticed a seven-headed hydra
  9142 | Lair:2   | Killed a seven-headed hydra
  9142 | Lair:2   | Reached skill level 1 in Invocations
  9142 | Lair:2   | Reached skill level 1 in Evocations
  9203 | Lair:2   | Reached XP level 12. HP: 78/130 MP: 12/12
  9590 | Lair:2   | Noticed Urug
  9626 | Lair:2   | Killed Urug
  9898 | Lair:2   | Found a staircase to the Shoals.
 10257 | Lair:3   | Received a gift from Okawaru
 10260 | Lair:3   | Got a polished great sword {god gift}
 10261 | Lair:3   | Identified the +9 great sword of Courage {speed, rElec rPois Str+7} (Okawaru gifted it to you on level 3 of the Lair of Beasts)
 10637 | Lair:3   | Noticed a seven-headed hydra
 10895 | Lair:3   | Killed a seven-headed hydra
 10931 | Lair:3   | Noticed a seven-headed hydra
 10940 | Lair:3   | Killed a seven-headed hydra
 11167 | Lair:4   | Noticed an eight-headed hydra
 11575 | Lair:4   | Reached skill level 16 in Maces & Flails
 11882 | Lair:4   | Killed an eight-headed hydra
 12003 | Lair:4   | Received a gift from Okawaru
 12035 | Lair:4   | Got a scorched longbow {god gift}
 12036 | Lair:4   | Identified the +5 longbow "Cefisi" {venom, rF+ Int+3} (Okawaru gifted it to you on level 4 of the Lair of Beasts)
 12344 | Lair:4   | Found a staircase to the Snake Pit.
 12631 | Lair:4   | Noticed a four-headed hydra
 12638 | Lair:4   | Killed a four-headed hydra
 12638 | Lair:4   | Reached XP level 13. HP: 69/141 MP: 15/15
 12655 | Lair:4   | Noticed Josephine
 12664 | Lair:4   | Killed Josephine
 12664 | Lair:4   | Reached skill level 17 in Maces & Flails
 13701 | Lair:5   | Received a gift from Okawaru
 14210 | Lair:5   | Found a sparkling altar of Nemelex Xobeh.
 14370 | D:8      | Bought a scroll of brand weapon for 300 gold pieces
 14554 | Lair:5   | Received a gift from Okawaru
 14596 | Lair:5   | Found a staircase to the Slime Pits.
 14796 | Lair:5   | Reached skill level 18 in Maces & Flails
 14802 | Lair:5   | Reached skill level 10 in Dodging
 15156 | Lair:5   | Reached ****** piety under Okawaru
 15159 | Lair:5   | Received a gift from Okawaru
 15188 | Lair:5   | Got a dazzling giant spiked club {god gift}
 15189 | Lair:5   | Identified the +4 giant spiked club of True Grit {freeze, -Tele Int+5 Dex+3} (Okawaru gifted it to you on level 5 of the Lair of Beasts)
 15534 | Lair:6   | Entered Level 6 of the Lair of Beasts
 15862 | Lair:5   | Received a gift from Okawaru
 16178 | D:9      | Found a shadowy altar of Dithmenos.
 16325 | D:9      | Lost mutation: Your muscles are strong. (Str +2) [potion of mutation]
 16325 | D:9      | Gained mutation: You have sharp fingernails. [potion of mutation]
 16326 | D:9      | Gained mutation: Your magical capacity is low. (-10% MP) [potion of mutation]
 16326 | D:9      | Lost mutation: You are dopey. (Int -2) [potion of mutation]
 16326 | D:9      | Gained mutation: You possess an exceptional clarity of mind. [potion of mutation]
 16332 | D:9      | Noticed Joseph
 16343 | D:9      | Reached skill level 5 in Invocations
 16347 | D:9      | Killed Joseph
 16347 | D:9      | Reached XP level 14. HP: 82/154 MP: 8/16
 17034 | D:10     | Entered Level 10 of the Dungeon
 17069 | D:10     | Learned a level 2 spell: Swiftness
 17072 | D:10     | Learned a level 2 spell: Repel Missiles
 17176 | D:10     | Noticed Fannar
 17183 | D:10     | Killed Fannar
 17307 | D:10     | Noticed Psyche
 17311 | D:10     | Killed Psyche
 17328 | D:10     | Found a burning altar of Makhleb.
 17754 | D:11     | Reached skill level 1 in Spellcasting
 17876 | D:11     | Noticed Maurice
 17878 | D:11     | Reached skill level 1 in Charms
 17886 | D:11     | Killed Maurice
 18362 | D:12     | Reached skill level 1 in Air Magic
 18461 | D:12     | Reached skill level 19 in Maces & Flails
 18481 | D:12     | Found a staircase to the Orcish Mines.
 18753 | D:12     | Noticed jiveturtle's ghost (journeyman MiBe)
 18764 | D:12     | Killed jiveturtle's ghost
 19154 | D:12     | Found a glowing golden altar of the Shining One.
 19367 | Orc:1    | Entered Level 1 of the Orcish Mines
 19469 | Orc:2    | Entered Level 2 of the Orcish Mines
 19498 | Orc:2    | Noticed an orc warlord
 19509 | Orc:2    | Killed an orc warlord
 19563 | Orc:2    | Noticed an orc warlord
 19575 | Orc:2    | Found Aghig's Antique Weapon Shoppe.
 19600 | Orc:2    | Killed an orc warlord
 19603 | Orc:2    | Received a gift from Okawaru
 19797 | Orc:2    | Found Kotogem's Antique Armour Shop.
 19835 | Orc:2    | Found Pogruq's Jewellery Emporium.
 20023 | Orc:2    | Found Yghuaxer's General Store.
 20072 | Orc:2    | Found a staircase to the Elven Halls.
 20156 | Orc:2    | Noticed a stone giant
 20164 | Orc:2    | Killed a stone giant
 20541 | Orc:1    | Reached XP level 15. HP: 165/165 MP: 18/18
 21089 | D:13     | Received a gift from Okawaru
 21197 | D:13     | Found a gate to the Vaults.
 21870 | D:14     | Reached skill level 20 in Maces & Flails
 21968 | D:14     | Received a gift from Okawaru
 22007 | D:14     | Reached skill level 15 in Fighting
 22104 | D:14     | Found a frozen archway.
 22144 | IceCv    | Entered an ice cave
 22367 | IceCv    | Received a gift from Okawaru
 22570 | IceCv    | Noticed a frost giant
 22590 | IceCv    | Killed a frost giant
 22625 | IceCv    | Got a warped brass ring
 22627 | IceCv    | Identified the ring "Sokhoyzxem" {Ice +Blink +Inv rElec Dex+2} (You found it in an ice cave)
 22861 | D:14     | Learned a level 1 spell: Summon Butterflies
 23372 | D:14     | Received a gift from Okawaru
 23958 | Lair:6   | Reached skill level 21 in Maces & Flails
 23965 | Lair:6   | Received a gift from Okawaru
 24208 | Lair:6   | Reached XP level 16. HP: 177/178 MP: 19/19
 24300 | Lair:6   | Found a runed door.
 25011 | Lair:6   | Received a gift from Okawaru
 25604 | D:15     | Entered Level 15 of the Dungeon
 25617 | D:15     | Paralysed by a floating eye for 3 turns
 25720 | D:15     | Found a staircase to the Depths.
 25722 | D:15     | Received a gift from Okawaru
 25737 | Depths:1 | Entered Level 1 of the Depths
 25748 | D:15     | Noticed Kirke
 25756 | D:15     | Killed Kirke
 25808 | D:15     | Received a gift from Okawaru
 25812 | D:15     | Got a slimy giant club {god gift}
 25813 | D:15     | Identified the +3 giant club of Cataclysm {crush, Int+4} (Okawaru gifted it to you on level 15 of the Dungeon)
 25822 | D:15     | Got a fine jade ring
 25824 | D:15     | Identified the ring "Seyg" {+Fly rElec MR- Int+6} (You found it on level 15 of the Dungeon)
 25848 | D:15     | Reached skill level 22 in Maces & Flails
 25851 | D:15     | Paralysed by a floating eye for 2 turns
 25989 | D:15     | Found Senwiq's Antique Armour Emporium.
 26031 | D:15     | Got a bound lead ring
 26050 | D:15     | Identified the ring "Xeusop" {rElec rN+ Int-2 SInv} (You took it off a centaur warrior on level 15 of the Dungeon)
 26732 | D:15     | Found Ytew's Magic Scroll Emporium.
 26763 | D:15     | Bought a scroll of enchant weapon for 112 gold pieces
 26763 | D:15     | Bought a scroll of enchant armour for 112 gold pieces
 27293 | D:15     | Paralysed by a floating eye for 3 turns
 27303 | D:15     | Paralysed by a floating eye for 4 turns
 27317 | D:15     | Received a gift from Okawaru
 27326 | D:15     | Got a glittering granite ring
 27330 | D:15     | Identified the ring "Vygeusa" {rCorr rElec rF+++ Int-4 Stlth-} (You took it off a boggart on level 15 of the Dungeon)
 27906 | D:15     | Identified the +1 troll leather armour of Philately {Regen+ rCorr Stlth+} (You found it on level 15 of the Dungeon)
 28137 | D:15     | Reached XP level 17. HP: 162/189 MP: 20/20
 28163 | D:15     | Found Vyityrgh's Distillery.
 28173 | D:15     | Bought 3 potions of curing for 108 gold pieces
 28173 | D:15     | Bought a potion of heal wounds for 60 gold pieces
 28472 | Shoals:1 | Entered Level 1 of the Shoals
 28819 | Shoals:1 | Received a gift from Okawaru
 28857 | Shoals:1 | Reached skill level 23 in Maces & Flails
 29027 | Shoals:1 | Received a gift from Okawaru
 30453 | Shoals:4 | Entered Level 4 of the Shoals
 31016 | Shoals:4 | Received a gift from Okawaru
 31052 | Shoals:4 | Reached skill level 1 in Armour
 31157 | Shoals:4 | HP: 2/192 [merfolk javelineer/poisoned javelin (18)]
 31158 | Shoals:4 | Succumbed to a merfolk javelineer's poison

Skill      XL: |  1  2  3  4  5  6  7  8  9 10 11 12 13 14 15 16 17 |
---------------+----------------------------------------------------+-----
Dodging        | 3 4 5 6 7 8 9 10 11 12 13 | 13.2
Maces & Flails | 5 6 7 8 10 11 13 15 16 18 19 21 22 23 | 23.4
Throwing       | 1 2 3 4 5 7 8 |  8.2
Fighting       | 5 6 7 8 10 11 12 13 14 15 16 17 | 17.4
Invocations    | 1 3 5 7 8 |  8.0
Evocations     | 1 3 4 |  4.7
Spellcasting   | 3 |  3.7
Charms         | 2 |  2.6
Air Magic      | 2 |  2.2
Armour         | 1 |  1.0
Stealth        | |  1.4

Action                   |  1- 3 |  4- 6 |  7- 9 | 10-12 | 13-15 | 16-18 || total
-------------------------+-------+-------+-------+-------+-------+-------++-------
Melee: Mace              |    62 |   116 |     3 |       |       |       ||   181
       Whip              |       |       |   123 |       |       |       ||   123
       Flail             |       |       |   126 |   590 |    94 |       ||   810
       Punch             |       |       |       |     1 |     1 |       ||     2
       Giant spiked club |       |       |       |       |   943 |   548 ||  1491
Throw: Javelin           |     1 |    10 |     5 |    30 |    13 |       ||    59
       Large rock        |       |       |       |    18 |    22 |    51 ||    91
       Tomahawk          |       |       |       |    13 |       |       ||    13
 Cast: Repel Missiles    |       |       |       |       |     1 |     3 ||     4
Invok: Heroism           |       |       |       |     1 |    10 |     4 ||    15
       Finesse           |       |       |       |       |    10 |     3 ||    13
 Abil: Evoke Invisibilit |       |       |       |       |       |     2 ||     2
Evoke: Wand              |       |       |     1 |       |     2 |     1 ||     4
       Rod               |       |       |       |       |       |     2 ||     2
  Use: Potion            |       |     8 |       |     6 |    12 |    12 ||    38
       Scroll            |       |       |    10 |     5 |    13 |    22 ||    50
 Stab: Sleeping          |     2 |     1 |     5 |     1 |     7 |     2 ||    18
       Invisible         |       |     5 |       |       |     6 |     5 ||    16
       Distracted        |       |       |       |       |     4 |       ||     4
       Petrified         |       |       |       |       |     2 |       ||     2
  Eat: Chunk             |     1 |     4 |     9 |    17 |    25 |    16 ||    72
       Beef jerky        |       |     1 |       |       |       |       ||     1
       Meat ration       |       |       |       |     1 |     3 |     2 ||     6
       Pizza             |       |       |       |       |     2 |       ||     2
       Fruit             |       |       |       |       |     1 |       ||     1
       Royal jelly       |       |       |       |       |     1 |       ||     1
Armor: Robe              |    19 |    30 |    52 |   155 |    67 |       ||   323
       Skin              |       |       |       |     2 |     8 |       ||    10
       Troll leather arm |       |       |       |       |   127 |    41 ||   168
       Steam dragon scal |       |       |       |       |     7 |       ||     7
       Fire dragon scale |       |       |       |       |       |   148 ||   148
Dodge: Dodged            |    40 |    83 |   125 |   348 |   648 |   372 ||  1616
       Deflected         |       |       |       |       |     4 |     7 ||    11
